 Dungeon Crawl Stone Soup version 0.26-a0-638-gcca6ad1b57 (webtiles) character file.

Game seed: 15915600215615018471

96 Drevant2 the Stinger (level 4, -2/24 HPs)
             Began as a Tengu Venom Mage on Sept 14, 2020.
             Slain by Natasha (5 damage)
             ... on level 2 of the Dungeon.
             The game lasted 00:05:30 (1536 turns).

Drevant2 the Stinger (Tengu Venom Mage)             Turns: 1536, Time: 00:05:30

Health: -2/24      AC:  2    Str:  8    XL:     4   Next: 67%
Magic:  7/9        EV: 12    Int: 23    God:
Gold:   82         SH:  0    Dex: 14    Spells: 7/8 levels left

rFire    x . .     SeeInvis .   c - +0 dagger (venom)
rCold    + . .     Faith    .   (no shield)
rNeg     . . .     Spirit   .   a - +0 robe
rPois    .         Reflect  .   (helmet restricted)
rElec    .         Harm     .   (no cloak)
rCorr    .         Rampage  .   (no gloves)
MR       .....                  (boots unavailable)
Stlth    ++........             j - amulet of regeneration
HPRegen  0.48/turn              b - ring of ice
MPRegen  0.11/turn              h - +6 ring of intelligence

@: stab, slowed, very slow
A: beak, talons 3
a: no special abilities


You were on level 2 of the Dungeon.
You visited 1 branch of the dungeon, and saw 2 of its levels.

You collected 82 gold pieces.

Inventory:

Hand Weapons
 c - a +0 dagger of venom (weapon)
Armour
 a - a +0 robe (worn)
Jewellery
 b - a ring of ice (left hand)
 h - a +6 ring of intelligence (right hand)
 j - an amulet of regeneration (around neck)
Scrolls
 e - a scroll of identify {unknown}
 g - a scroll of noise {unknown}
 k - a scroll of teleportation {unknown}
 m - a scroll of enchant armour {unknown}
Potions
 i - a potion of resistance
 l - 2 potions of curing


   Skills:
 - Level 2.1 Dodging
 - Level 2.0 Stealth
 + Level 2.9 Spellcasting
 - Level 0.7 Transmutations
 * Level 4.6 Poison Magic


You had 7 spell levels left.
You knew the following spells:

 Your Spells              Type           Power        Failure   Level
a - Sting                 Tmut/Pois      ###.         3%          1

Your spell library contained the following spells:

 Spells                   Type           Power        Failure   Level
 Poisonous Vapours        Pois/Air       ##....       7%          2
 Ignite Poison            Fire/Tmut/Pois ##......     17%         3
 Olgreb's Toxic Radiance  Pois           ###.....     17%         4
 Mephitic Cloud           Conj/Pois/Air  ##......     19%         3


Dungeon Overview and Level Annotations

Branches:
Dungeon (2/15)

Altars:
Ru

Annotations:
D:2 Natasha


Innate Abilities, Weirdness & Mutations

You have a beak for a mouth.
You have claws for feet.


Message History

Natasha closely misses you. The white imp gestures at you.
The puff of frost hits you. You resist.
* * * LOW HITPOINT WARNING * * *
It was a potion of curing.
You feel better. Natasha claws you. Natasha closely misses you.
It was a potion of stabbing.
You feel ready to backstab.
Natasha looks more healthy.
Natasha closely misses you. The white imp hits you. The white imp freezes you.
You resist.
* * * LOW HITPOINT WARNING * * *
You hit Natasha.
Natasha is poisoned.
You claw Natasha. Your peck misses Natasha.
Natasha is severely wounded.
Natasha claws you.
* * * LOW HITPOINT WARNING * * *
The white imp hits you but does no damage.
Natasha hisses.
Natasha claws you.
You die...

........... .......
..........###.....# ..
..........#.......##..
........#........... #
#......#.....#.....
.#.###......#.....#.....
..........†.+..........>
......5.....#...........
......h@..#.#...........
..........#.#...........
.#####....#...#.......).
......#...#.......#+
###[##.#...#†......# #.
..#.###.......#. #.
..#.# #.......#. .. .#+#
###...###. ##.......


You could see Natasha (very poisoned) and a white imp (summoned).

Vanquished Creatures
  A gnoll (D:1)
  4 adders (D:2)
  2 worms (D:2)
  A dart slug (D:1)
  A leopard gecko (D:2)
  3 giant cockroaches
  5 goblins
  5 hobgoblins
  4 jackals (D:2)
  4 kobolds
  6 bats
  A frilled lizard (D:2)
  5 rats
42 creatures vanquished.

Notes
Turn   | Place    | Note
-------+----------+-------------------------------------------
     0 | D:1      | Drevant2 the Tengu Venom Mage began the quest for the Orb.
     0 | D:1      | Reached XP level 1. HP: 10/10 MP: 4/4
   117 | D:1      | Reached XP level 2. HP: 8/15 MP: 3/6
   476 | D:1      | Reached XP level 3. HP: 7/19 MP: 7/7
  1164 | D:2      | Found a sacrificial altar of Ru.
  1195 | D:2      | Reached skill level 4 in Poison Magic
  1292 | D:2      | Reached XP level 4. HP: 24/24 MP: 5/9
  1526 | D:2      | Noticed Natasha
  1536 | D:2      | Slain by Natasha

Illustrated notes

Levels and vault maps discovered:
D:1:      lemuel_arrival_behind_the_door_small, layout_loops_ring,
          chequers_serial_rivers_micro_c
D:2:      layout_basic, nicolae_ru_the_path_less_chosen, uniq_natasha

Skill      XL: |  1  2  3 |
---------------+----------+-----
Poison Magic   | 4 |  4.6
Dodging        | |  2.1
Stealth        | |  2.0
Spellcasting   | |  2.9
Transmutations | |  0.7

Action                   |  1- 3 |  4- 6 || total
-------------------------+-------+-------++-------
Melee: Dagger            |    59 |    43 ||   102
       Peck              |     8 |     5 ||    13
       Kick              |    11 |     7 ||    18
 Cast: Sting             |    11 |     9 ||    20
  Use: Potion            |     2 |     2 ||     4
 Stab: Sleeping          |     2 |       ||     2
Armor: Robe              |     7 |    12 ||    19
Dodge: Dodged            |    40 |    31 ||    71

Table legend: (Time is in decaauts)
 A = Elapsed time spent in this place.
 B = Non-inter-level travel time spent in this place.
 C = Inter-level travel time spent in this place.
 D = Time resting spent in this place.
 E = Time spent auto-exploring this place.
 F = Levels seen in this place.
 G = Mean time per level.
                   A        B        C        D        E       F      G
               +--------+--------+--------+--------+--------+-----+--------+
         Total |   1537 |   1513 |     24 |    556 |    660 |   2 |  768.5 |
       Dungeon |   1537 |   1513 |     24 |    556 |    660 |   2 |  768.5 |
               +--------+--------+--------+--------+--------+-----+--------+

Top non-repeatable levels by time:
     D:1: 1127 daAuts
     D:2: 410 daAuts
